[Event "*** Titled Tuesday Blitz"]
[Site "Chess.com"]
[Date "2020.04.14"]
[Round "2"]
[White "Abdimalik_Abdisalimov"]
[Black "DraskovicL"]
[Result "1-0"]
[WhiteElo "2806"]
[BlackElo "2554"]
[TimeControl "180+1"]
[EndTime "10:19:47 PDT"]
[Termination "Abdimalik_Abdisalimov won on time"]

1. d4 e6 2. c4 Nf6 3. Nf3 a6 4. Nc3 d5 5. cxd5 exd5 6. Qb3 Bd6 7. Bg5 c6 8. e3 h6 9. Bh4 O-O 10. Bd3 Ra7 11. O-O Bg4 12. Ne5 Bc8 13. Rad1 Nbd7 14.
f4 Be7 15. Bb1 Re8 16. Qc2 Nf8 17. Qe2 Ne4 18. Bxe7 Qxe7 19. Bxe4 dxe4 20. f5 f6 21. Nc4 Qb4 22. a3 Qb3 23. Nd6 Rd8 24. Ndxe4 Bd7 25. Nc5 Qf7 26. e4 Bc8 27. N3a4 b5 28. Nc3 Re7 29. b4 Nd7 30. Ne6 Rde8 31. d5 Ne5 32. d6 Ra7 33. Nc5 Rd8 34. Rd4 a5 35. Rfd1 axb4 36.
axb4 Bd7 37. Qb2 Rda8 38. h3 Nc4 39. Qc1 Ne5 40. Kh2 Qh5 41. Kg1 Qf7 42. Qf4 Ra3 43. Ne2 Ra2 44. R1d2 Ra1+ 45. Kh2 R1a3 46. Ng3 Nc4 47.
Re2 Ne5 48. Qh4 Ra1 49. Nh5 Rb1 50. Nf4 Raa1 51. Nfe6 Rh1+ 52. Kg3 Ra3+ 53. Kf2 Rb1 54. Re1 Ra2+ 55. Re2 Ra3 56. Red2 Raa1 57. Qf4 Rf1+ 58. Kg3 Rxf4 59. Kxf4 Qh5 60. Kg3 Ra3+ 61. Kf2 Qh4+ 62.
Kg1 Qg3 63. Kf1 Ra1+ 64. Rd1 Rxd1+ 65. Rxd1 Qc3 66. Nxd7 Nxd7 67. Nc5 Qc4+ 68. Kg1 1-0

[Event "*** Titled Tuesday Blitz"]
[Site "Chess.com"]
[Date "2020.04.14"]
[Round "2"]
[White "PIwan"]
[Black "bascheyaro"]
[Result "1-0"]
[WhiteElo "2551"]
[BlackElo "2741"]
[TimeControl "180+1"]
[EndTime "10:19:50 PDT"]
[Termination "PIwan won on time"]

1. c4 e5 2. Nc3 Nc6 3. Nf3 Nge7 4. e3 d6 5. d4 exd4 6. exd4 Bg4 7. Be2 Nf5 8. d5 Bxf3 9. Bxf3 Ne5 10. Be4 Nh4 11.
f4 Nd7 12. O-O Be7 13. Qc2 Ng6 14. Bd2 Nc5 15. Bxg6 hxg6 16. f5 g5 17. b4 Nd7 18.
Ne4 Bf6 19. Rae1 Be5 20. Nxg5 Qf6 21. h3 O-O-O 22. c5 Bd4+ 23. Kh1 dxc5 24. Ne4 Qa6 25. bxc5 Rde8 26. c6 bxc6 27. dxc6 Ne5 28. Rc1 Qxc6 29. Qb1 Qd5 30. Ba5 Nc6 31. Rxc6 Qxc6 32. Rc1 Rxh3+ 33.
gxh3 Qxe4+ 34. Qxe4 Rxe4 35. Rxc7+ Kb8 36. Rxf7 Re2 37.
a3 Re3 38. Kg2 Rxa3 39. Bc7+ Kc8 40. Bd6 Rd3 41. Bf8 Be5 42. Kf2 Rd7 43. Rxd7 Kxd7 44. Kf3 Kc6 45. Kg4 a5 46. Kh5 a4 47. Kg6 Kd5 48.
h4 Ke4 49. h5 Bd4 50. Bxg7 Bxg7 51. Kxg7 a3 52. f6 a2 53. h6 a1=Q 54. h7 Qg1+ 55.
Kf7 Qh2 56. Kg7 Qg3+ 57. Kf8 Qh4 58. Kg7 Qg5+ 59. Kf7 Qh6 60. Kg8 Qg6+ 61. Kh8 Qg5 62. f7 1-0

[Event "*** Titled Tuesday Blitz"]
[Site "Chess.com"]
[Date "2020.04.14"]
[Round "2"]
[White "Semetey"]
[Black "AyMitecK"]
[Result "0-1"]
[WhiteElo "2550"]
[BlackElo "2312"]
[TimeControl "180+1"]
[EndTime "10:20:02 PDT"]
[Termination "AyMitecK won by checkmate"]

1. d4 Nf6 2. Nc3 c5 3. d5 e6 4. e4 exd5 5. exd5 d6 6. Bd3 g6 7.
h3 Bg7 8. Qe2+ Qe7 9. Qxe7+ Kxe7 10. Nf3 a6 11. a4 Nbd7 12. Bf4 Nh5 13. Bg5+ f6 14. Bd2 f5 15. g4 fxg4 16. hxg4 Nhf6 17. g5 Nh5 18. O-O-O Ne5 19. Rde1 Kd8 20. Nxe5 Bxe5 21.
Be2 Nf4 22. Rh4 Ng2 23. Reh1 Nxh4 24. Rxh4 Bf5 25. f4 Bg7 26. Nd1 h6 27. Ne3 hxg5 28. Rxh8+ Bxh8 29. Nxf5 gxf5 30. fxg5 Ke7 31. Bd3 Rf8 32.
b4 cxb4 33. Bxb4 Be5 34. Kd1 f4 35. c4 b6 36. g6 a5 37. Be1 Bd4 38. Bh4+ Bf6 39.
Bf2 Rb8 40. Ke2 Kf8 41. Kf3 Be5 42. Bh4 Kg7 43. Bg5 Rh8 44. Kg4 Rh1 45. Bxf4 Rg1+ 46. Kf5 Bxf4 47. Kxf4 Kf6 48. Be4 Rf1+ 49. Ke3 Ra1 50.
Bc2 Ra2 51. Kd3 Ra3+ 52. Kd4 Ra2 53. Kc3 Ra1 54. Kb2 Rg1 55. Be4 Ke5 56. Bc2 Kd4 57. Kb3 Rg3+ 58. Kb2 Kc5 59. Ka2 Kxc4 60. Kb2 Kxd5 61.
Bb3+ Kd4 62. Bf7 Ke5 63. Kc2 Kf6 64. Be8 Rxg6 65. Bxg6 Kxg6 66. Kd3 Kf5 67. Kc4 Ke4 68. Kb5 d5 69. Kxb6 d4 70. Kxa5 d3 71. Kb6 d2 72.
a5 d1=Q 73. a6 Qd8+ 74. Kb7 Qd5+ 75. Kb8 Qb5+ 76. Ka7 Kd5 77. Ka8 Qxa6+ 78. Kb8 Qf6 79. Kc7 Kc5 80. Kc8 Qe7 81. Kb8 Kb6 82. Ka8 Qe8# 0-1

[Event "*** Titled Tuesday Blitz"]
[Site "Chess.com"]
[Date "2020.04.14"]
[Round "2"]
[White "INLOVEWITHF"]
[Black "SantoBlue"]
[Result "1/2-1/2"]
[WhiteElo "2564"]
[BlackElo "2799"]
[TimeControl "180+1"]
[EndTime "10:20:17 PDT"]
[Termination "Game drawn by stalemate"]

1. e4 e5 2. Nf3 Nc6 3. Bc4 Bc5 4. c3 Nf6 5. d3 O-O 6. O-O d5 7. exd5 Nxd5 8. Re1 Bg4 9. h3 Bh5 10. Nbd2 Nb6 11. Bb3 Qxd3 12. Nxe5 Qf5 13. Nef3 Rad8 14.
g4 Bxg4 15. hxg4 Qxg4+ 16. Kh1 Bxf2 17. Re2 Bg3 18. Qf1 Rd6 19. Ne4 Rg6 20. Nxg3 Qxg3 21. Qg2 Qd6 22. Bg5 h6 23. Bc2 hxg5 24. Bxg6 Qxg6 25. Qxg5 Qxg5 26. Nxg5 f6 27. Ne6 Rf7 28. Nc5 Ne5 29. Nxb7 g5 30. Rd1 Nbd7 31. Kg2 f5 32.
Nc5 f4 33. Ree1 f3+ 34. Kf1 f2 35. Re4 Nf3 36. Re8+ Nf8 37. Kxf2 Kg7 38. Ke2 g4 39. Re4 Nh2 40. Rg1 Rf5 41. Rgxg4+ Nxg4 42. Rxg4+ Kf7 43. b4 Rh5 44. Rf4+ Ke7 45. Kd3 Rh3+ 46. Kc4 Rh2 47. a4 Ng6 48. Re4+ Kf7 49. Ne6 Kf6 50. Nxc7 Kf5 51.
Re8 Ne5+ 52. Kb3 Rh3 53. Nb5 a6 54. Nd4+ Kf6 55. b5 axb5 56. axb5 Nd3 57. Rc8 Rh5 58. Rc6+ Ke7 59. b6 Rh2 60. Rg6 Rb2+ 61. Ka3 Rb1 62. b7 Nc5 63. b8=Q Rxb8 64. Nc6+ Kf7 65. Rg5 Ra8+ 66. Kb4 Ne4 67. Rf5+ Kg6 68. Re5 Nf6 69. Nd4 Ra1 70. Kc4 Rb1 71. Rc5 Rf1 72. Rb5 Ne4 73. Kd3 Ng3 74. Rb6+ Kg5 75. Kc4 Nf5 76. Rb5 Kg6 77.
Rxf5 Ra1 78. Rb5 Ra8 79. Kd5 Rc8 80. c4 Rh8 81. Rb6+ Kf7 82. c5 Rh5+ 83. Kc4 Ke7 84.
Rb7+ Kd8 85. c6 Kc8 86. Rd7 Rh1 87. Rd5 Rc1+ 88. Kd3 Rb1 89. Ke4 Re1+ 90. Kf5 Kc7 91. Rd7+ Kb6 92. Rb7+ Ka6 93. Rb2 Rf1+ 94. Ke5 Rd1 95. c7 Rc1 96. Kd6 Rc4 97. Nc6 Rd4+ 98. Nxd4 Ka7 99. c8=Q 1/2-1/2

[Event "*** Titled Tuesday Blitz"]
[Site "Chess.com"]
[Date "2020.04.14"]
[Round "2"]
[White "Orange_Ghost"]
[Black "suyu28"]
[Result "0-1"]
[WhiteElo "2724"]
[BlackElo "2538"]
[TimeControl "180+1"]
[EndTime "10:20:25 PDT"]
[Termination "suyu28 won by checkmate"]

1. d4 Nf6 2. c4 e6 3. Nc3 d5 4.
cxd5 exd5 5. Bg5 c6 6. Qc2 Be7 7. e3 Nbd7 8. Bd3 Nh5 9. Bxe7 Qxe7 10. O-O-O g6 11. Nf3 Nb6 12. h3 Ng7 13. g4 Be6 14. Kb1 O-O-O 15. Rc1 Kb8 16. Ka1 h5 17. Ne5 Nd7 18.
Nxd7+ Qxd7 19. f3 Qe7 20. Qf2 Bc8 21. Rce1 Ka8 22. Qg2 Rhe8 23. Qf2 Qf6 24. Rhg1 Rh8 25. Bb1 hxg4 26. hxg4 Rh3 27. Rg3 Qh4 28. Reg1 Rh8 29. Ne2 Rh2 30. R1g2 Rh1 31. Rg1 Rh3 32. Qf1 Rxg3 33.
Nxg3 Qe7 34. Qf2 Qf6 35. Rf1 Rh3 36. Ne2 Qd6 37. Nf4 Rh8 38. Nd3 Rh2 39. Qe1 f6 40.
Nc5 g5 41. Qc3 Ne6 42. Nd3 Nc7 43. a4 Be6 44. Nc5 Bc8 45. Rc1 Ne6 46. Nb3 Rf2 47. Nd2 Nc7 48. Bd3 Qh2 49. Rc2 Qg1+ 50. Ka2 Qe1 51.
Bg6 Qg1 52. Bd3 Qh2 53. Bg6 Qd6 54. Qa3 Qxa3+ 55. Kxa3 Kb8 56. Kb4 Na6+ 57. Kc3 Kc7 58. Bd3 Nb8 59. b4 Kd6 60. Rc1 Be6 61. e4 Nd7 62.
Re1 Kc7 63. a5 a6 64. Re3 Kd8 65. Re1 Bf7 66. Rh1 Ke7 67. Re1 Kd8 68. Rh1 Ke7 69. Rh7 Nf8 70. Rh1 Ne6 71. Re1 Kd6 72. exd5 cxd5 73. Re3 Nf4 74. Nb3 Be6 75. Nc5 Bc8 76. Bf5 Bxf5 77. gxf5 Kc6 78. Re7 Ne2+ 79. Kd3 Nc1+ 80.
Kc3 Na2+ 81. Kb3 Nc1+ 82. Kc3 Rxf3+ 83. Kc2 Rf1 84. Re6+ Kb5 85. Rb6+ Kc4 86. Nxb7 Na2 87. Nd6+ Kxd4 88. Kb3 Nc1+ 89. Kc2 Na2 90. Kb3 Nc1+ 91. Kb2 Nd3+ 92. Kc2 Rf2+ 93. Kd1 Nb2+ 94. Ke1 Nd3+ 95. Kd1 Ke3 96. Nc4+ dxc4 97. Re6+ Kd4 98. b5 Kc3 99. Re1 Rd2# 0-1

[Event "*** Titled Tuesday Blitz"]
[Site "Chess.com"]
[Date "2020.04.14"]
[Round "2"]
[White "Azerichess"]
[Black "chessdjw"]
[Result "1-0"]
[WhiteElo "3004"]
[BlackElo "2611"]
[TimeControl "180+1"]
[EndTime "10:20:46 PDT"]
[Termination "Azerichess won by checkmate"]

1. d4 Nf6 2. c4 g6 3. g3 Bg7 4.
Bg2 O-O 5. Nc3 Nc6 6. e3 d6 7. Nge2 e5 8. O-O Re8 9. b3 exd4 10. exd4 Ne7 11. Re1 d5 12. Nf4 c6 13. Ba3 dxc4 14.
bxc4 Nf5 15. Nce2 Ne4 16. Bb2 Qb6 17. Rb1 Bd7 18. Qc2 Nf6 19. d5 Qc7 20. c5 Nxd5 21.
Nxd5 cxd5 22. Bxg7 Kxg7 23. Bxd5 Bc6 24. Nf4 Rxe1+ 25.
Rxe1 Rd8 26. Qc3+ Kg8 27. Qf6 Re8 28. Ne6 Qe7 29. Qxe7 Rxe7 30. Bb3 fxe6 31. Re5 Kg7 32. f4 Kf6 33. Kf2 Nd4 34. Bc4 Bd5 35. Bxd5 exd5 36.
Rxd5 Ne6 37. Kf3 Rc7 38. h4 Nxc5 39. g4 Ne6 40. f5 gxf5 41. Rxf5+ Ke7 42. Rh5 Kd6 43.
Ra5 Rc3+ 44. Kf2 a6 45. Rh5 Ra3 46. Rxh7 Rxa2+ 47. Kf3 Ra3+ 48. Kf2 Ra4 49. g5 Rf4+ 50. Kg3 a5 51. g6 Rf1 52. h5 a4 53. Rxb7 a3 54.
Ra7 Rg1+ 55. Kf2 Ra1 56. h6 a2 57. h7 Rh1 58. Rxa2 Nf4 59. g7 Rxh7 60. g8=Q Rh2+ 61.
Kf3 Rh3+ 62. Qg3 Rxg3+ 63. Kxg3 Nd5 64. Rd2 Kc5 65. Kf3 Kc4 66. Rc2+ Kd3 67. Rc8 Kd4 68.
Rd8 Ke5 69. Kg4 Kd4 70. Re8 Ne3+ 71. Kf4 Nd5+ 72. Kf3 Nc3 73. Re3 Nd5 74. Re4+ Kd3 75.
Rg4 Nc3 76. Rg1 Nd5 77. Rd1+ Kc4 78. Rd2 Nc3 79. Ke3 Nd5+ 80. Ke4 Nc3+ 81. Ke3 Nd5+ 82. Ke4 Nc3+ 83. Ke5 Kc5 84. Rd4 Nb5 85. Rd8 Kc4 86. Rc8+ Kd3 87. Rh8 Kc4 88. Rh4+ Kc5 89. Rh8 Kc4 90. Rd8 Kc5 91. Rc8+ Kb4 92. Kd5 Nc3+ 93. Ke5 Nb5 94. Rb8 Kc4 95. Ke4 Kb4 96. Kd5 Ka4 97. Kc5 Nc3 98. Rb4+ Ka3 99. Kc4 Na4 100. Rb3+ Ka2 101.
Rh3 Nb2+ 102. Kb4 Kb1 103. Kc3 Na4+ 104. Kb3 Nb2 105. Rh1+ Nd1 106. Rxd1# 1-0

[Event "*** Titled Tuesday Blitz"]
[Site "Chess.com"]
[Date "2020.04.14"]
[Round "3"]
[White "Medvezhlo"]
[Black "lifeissofun"]
[Result "0-1"]
[WhiteElo "2444"]
[BlackElo "2227"]
[TimeControl "180+1"]
[EndTime "10:22:58 PDT"]
[Termination "lifeissofun won by checkmate"]

1. d4 Nf6 2. c4 e6 3. Nc3 Bb4 4.
e3 d5 5. Ne2 O-O 6. a3 Be7 7.
cxd5 exd5 8. Nf4 c6 9. Bd3 Bd6 10. Nce2 Ne4 11. Bxe4 dxe4 12. Qc2 f5 13. O-O Qf6 14.
b4 a6 15. Bb2 g5 16. d5 Qh6 17. Ne6 Qxh2# 0-1

[Event "*** Titled Tuesday Blitz"]
[Site "Chess.com"]
[Date "2020.04.14"]
[Round "3"]
[White "BocharovD"]
[Black "biesiadnik"]
[Result "1-0"]
[WhiteElo "2882"]
[BlackElo "2582"]
[TimeControl "180+1"]
[EndTime "10:23:23 PDT"]
[Termination "BocharovD won by resignation"]

1. c4 e6 2. Nf3 d5 3. e3 Nf6 4. b3 b6 5. Bb2 c5 6. cxd5 Nxd5 7. Be2 Bb7 8. O-O Nd7 9. Nc3 N7f6 10. Bb5+ Nd7 11. Nxd5 Bxd5 12. Ne5 Bd6 13. Nxd7 1-0

[Event "*** Titled Tuesday Blitz"]
[Site "Chess.com"]
[Date "2020.04.14"]
[Round "3"]
[White "Rinas_Oleg"]
[Black "Toro1234"]
[Result "0-1"]
[WhiteElo "2389"]
[BlackElo "2625"]
[TimeControl "180+1"]
[EndTime "10:23:25 PDT"]
[Termination "Toro1234 won by resignation"]

1. e4 d6 2. d4 Nf6 3. Nc3 e5 4. Nf3 Nbd7 5. Bc4 Be7 6. dxe5 dxe5 7. Nd5 Nxd5 8. Qxd5 O-O 9. Nxe5 c6 10. Qd4 Qa5+ 11.
Bd2 Qxe5 0-1

[Event "*** Titled Tuesday Blitz"]
[Site "Chess.com"]
[Date "2020.04.14"]
[Round "3"]
[White "FCChelsea14"]
[Black "Apocalyps999"]
[Result "1-0"]
[WhiteElo "2807"]
[BlackElo "2472"]
[TimeControl "180+1"]
[EndTime "10:23:29 PDT"]
[Termination "FCChelsea14 won by resignation"]

1. d4 d5 2. Nf3 Nf6 3. c4 c6 4. Qb3 dxc4 5. Qxc4 Bf5 6. g3 e6 7. Bg2 Bd6 8. O-O O-O 9. e3 b5 10. Qe2 a6 11. Rd1 Qc7 12. Nbd2 c5 13. e4 Bg4 14. e5 cxd4 15. exf6 gxf6 16. Qe4 Bxf3 17.
Nxf3 Nc6 18. Nxd4 Nxd4 19. Qxd4 Rad8 20. Bh6 1-0

[Event "*** Titled Tuesday Blitz"]
[Site "Chess.com"]
[Date "2020.04.14"]
[Round "3"]
[White "regular_legs"]
[Black "WelshTiger"]
[Result "1-0"]
[WhiteElo "2538"]
[BlackElo "2281"]
[TimeControl "180+1"]
[EndTime "10:23:32 PDT"]
[Termination "regular_legs won by resignation"]

1. e4 c5 2. Nf3 Nc6 3. Bb5 g6 4.
Bxc6 bxc6 5. O-O Bg7 6. Re1 e5 7. c3 Ne7 8. d4 cxd4 9. cxd4 exd4 10. Nxd4 O-O 11. Nc3 d5 12. Bg5 dxe4 13. Nxc6 Qxd1 14. Nxe7+ Kh8 15. Raxd1 f5 16. Nxc8 Raxc8 17. Rd7 1-0

[Event "*** Titled Tuesday Blitz"]
[Site "Chess.com"]
[Date "2020.04.14"]
[Round "3"]
[White "IM_Tissir"]
[Black "WinstonSilvakov"]
[Result "1-0"]
[WhiteElo "2511"]
[BlackElo "2148"]
[TimeControl "180+1"]
[EndTime "10:23:40 PDT"]
[Termination "IM_Tissir won by resignation"]

1. e4 Nf6 2. Nc3 d5 3. Nf3 dxe4 4. Ng5 Bf5 5. Qe2 Qd7 6. Ncxe4 Nxe4 7. Nxe4 Bxe4 8.
Qxe4 Nc6 9. Bb5 g6 10. d4 a6 11. Ba4 b5 12. Bb3 Bg7 13. Bd5 Nxd4 14. Bxa8 c6 15.
c3 O-O 16. cxd4 Rxa8 1-0

[Event "*** Titled Tuesday Blitz"]
[Site "Chess.com"]
[Date "2020.04.14"]
[Round "3"]
[White "bancsoo"]
[Black "RubensCezila"]
[Result "1-0"]
[WhiteElo "2756"]
[BlackElo "2457"]
[TimeControl "180+1"]
[EndTime "10:23:45 PDT"]
[Termination "bancsoo won by resignation"]

1. d4 Nf6 2. Nf3 g6 3. g3 Bg7 4.
Bg2 O-O 5. O-O d6 6. c4 Nbd7 7.
Nc3 e5 8. e4 c6 9. h3 Qb6 10. d5 Nc5 11. Qe2 a5 12. Be3 cxd5 13. cxd5 Bd7 14. Rfc1 Rfc8 15. Nd2 Qa6 16. Qxa6 Nxa6 17.
Bf1 Nc5 18. Nc4 Ncxe4 19. Nxe4 Nxe4 20. Nb6 Rxc1 21. Rxc1 Rd8 22. Nxd7 Rxd7 23. Rc8+ 1-0

[Event "*** Titled Tuesday Blitz"]
[Site "Chess.com"]
[Date "2020.04.14"]
[Round "3"]
[White "Andrii_Prydun"]
[Black "pitopisback"]
[Result "1-0"]
[WhiteElo "2339"]
[BlackElo "2123"]
[TimeControl "180+1"]
[EndTime "10:24:02 PDT"]
[Termination "Andrii_Prydun won by resignation"]

1. d4 Nf6 2. Nf3 g6 3. g3 Bg7 4.
Bg2 O-O 5. O-O d6 6. Nc3 Nbd7 7. e4 e5 8. dxe5 dxe5 9. h3 Qe7 10. Be3 c6 11. Qe2 b5 12. Rad1 Nb6 13. Nd2 a5 14. Nb3 b4 15. Bxb6 bxc3 16. Bc5 Qe8 17. Bxf8 Ba6 18. Qf3 Bxf1 19. Bxg7 Bxg2 20. Qxf6 Bxe4 21. Bh6 1-0

[Event "*** Titled Tuesday Blitz"]
[Site "Chess.com"]
[Date "2020.04.14"]
[Round "3"]
[White "kaumandur01"]
[Black "albi1999"]
[Result "1-0"]
[WhiteElo "2799"]
[BlackElo "2587"]
[TimeControl "180+1"]
[EndTime "10:24:06 PDT"]
[Termination "kaumandur01 won by resignation"]

1. e4 c6 2. d4 d5 3. e5 Bf5 4.
Nd2 e6 5. Nb3 c5 6. dxc5 Bxc5 7.
Nxc5 Qa5+ 8. c3 Qxc5 9. Be3 Qc7 10. f4 Ne7 11. Nf3 Nd7 12. Be2 O-O 13. O-O Rac8 14. Nd4 Be4 15. Nb5 Qa5 16. Nd6 Rc7 17. b4 1-0

[Event "*** Titled Tuesday Blitz"]
[Site "Chess.com"]
[Date "2020.04.14"]
[Round "3"]
[White "korbul"]
[Black "GM4life"]
[Result "1-0"]
[WhiteElo "2517"]
[BlackElo "2179"]
[TimeControl "180+1"]
[EndTime "10:24:06 PDT"]
[Termination "korbul won by resignation"]

1. d4 Nf6 2. c4 g6 3. Nc3 d5 4.
cxd5 Nxd5 5. e4 Nxc3 6. bxc3 Bg7 7. Nf3 c5 8. Rb1 O-O 9. Be3 Qa5 10. Qd2 cxd4 11. cxd4 Qxd2+ 12. Kxd2 Nc6 13. Bb5 Bg4 14. Bxc6 bxc6 15. Rhc1 Rfd8 16. Rb4 Rab8 17. Rxb8 Rxb8 18. Rxc6 Rd8 19. Rc4 Rd7 20. Rc8+ Bf8 21. Rb8 Kg7 22. Ne5 e6 1-0

[Event "*** Titled Tuesday Blitz"]
[Site "Chess.com"]
[Date "2020.04.14"]
[Round "3"]
[White "northridgehawk"]
[Black "BlackWidow515"]
[Result "1-0"]
[WhiteElo "2284"]
[BlackElo "1956"]
[TimeControl "180+1"]
[EndTime "10:24:24 PDT"]
[Termination "northridgehawk won by resignation"]

1. e4 e5 2. Nf3 Nc6 3. Bb5 a6 4. Ba4 f6 5. O-O Bc5 6. c3 Nge7 7. d4 Bb6 8. Bb3 Na5 9. dxe5 Nxb3 10. Qxb3 Ng6 11.
exf6 Qxf6 12. Bg5 Qe6 13. Nbd2 d6 14. Qc2 h6 15. Be3 Bxe3 16. fxe3 Ne5 17. Nd4 Qg6 18.
Nf5 Bd7 19. Nf3 O-O-O 20. Ne7+ Kb8 21. Nxg6 Nxg6 22. Nd4 Ne5 23. Nf5 1-0

[Event "*** Titled Tuesday Blitz"]
[Site "Chess.com"]
[Date "2020.04.14"]
[Round "3"]
[White "Talcrifice"]
[Black "enzovsky"]
[Result "1-0"]
[WhiteElo "2551"]
[BlackElo "2312"]
[TimeControl "180+1"]
[EndTime "10:24:26 PDT"]
[Termination "Talcrifice won by resignation"]

1. d4 Nf6 2. c4 g6 3. g3 c6 4. Bg2 d5 5. Qa4 Bg7 6. cxd5 O-O 7. dxc6 Nxc6 8. Nf3 Bg4 9. e3 Qd5 10. Nc3 Qh5 11. Qd1 e5 12. h3 exd4 13. hxg4 Qa5 14. exd4 Rfe8+ 15. Kf1 Nxg4 16. Bd2 Nxd4 17. Nxd4 Bxd4 18.
Qxg4 Bxc3 19. Bxc3 1-0

[Event "*** Titled Tuesday Blitz"]
[Site "Chess.com"]
[Date "2020.04.14"]
[Round "3"]
[White "FM_Deuteronomio32"]
[Black "kingmonkey2006"]
[Result "0-1"]
[WhiteElo "2239"]
[BlackElo "2593"]
[TimeControl "180+1"]
[EndTime "10:24:30 PDT"]
[Termination "kingmonkey2006 won by resignation"]

1. e4 c5 2. Nf3 d6 3. Nc3 a6 4. d4 cxd4 5. Nxd4 Nf6 6. a3 e6 7. Be2 Be7 8. Be3 O-O 9. f4 b5 10. O-O Bb7 11. Bf3 Qc7 12. Re1 Nbd7 13. Qd2 Rfd8 14.
g4 Nb6 15. b3 Rac8 16. Nde2 d5 17. e5 d4 0-1

[Event "*** Titled Tuesday Blitz"]
[Site "Chess.com"]
[Date "2020.04.14"]
[Round "3"]
[White "karwowskikacper"]
[Black "AlexandraSamaganova"]
[Result "1-0"]
[WhiteElo "2353"]
[BlackElo "2161"]
[TimeControl "180+1"]
[EndTime "10:24:32 PDT"]
[Termination "karwowskikacper won by resignation"]

1. e4 c5 2. Nf3 e6 3. d4 cxd4 4. Nxd4 a6 5. Be3 Qc7 6. Bd3 Nf6 7. c4 Nc6 8. O-O Be7 9. Nc3 O-O 10. b3 b6 11. Rc1 Bb7 12. Nd5 exd5 13. cxd5 Qd8 14.
dxc6 dxc6 15. Nf5 c5 16. e5 Nd5 17. Nxg7 Kxg7 18. Qg4+ Kh8 19. Qf5 1-0

[Event "*** Titled Tuesday Blitz"]
[Site "Chess.com"]
[Date "2020.04.14"]
[Round "3"]
[White "VolodymyrMolyboha"]
[Black "Nikolaj_6"]
[Result "1-0"]
[WhiteElo "2442"]
[BlackElo "2610"]
[TimeControl "180+1"]
[EndTime "10:24:36 PDT"]
[Termination "VolodymyrMolyboha won by resignation"]

1. e4 c5 2. Nf3 d6 3. c3 Nf6 4. h3 Nc6 5. Bd3 d5 6. exd5 Qxd5 7. Bb5 a6 8. Bxc6+ Qxc6 9. O-O e6 10. d4 Be7 11. Nbd2 O-O 12. Qe2 b5 13. Ne5 Qc7 14.
Ndf3 Bb7 15. Bf4 Qb6 16. dxc5 Bxc5 17. Rad1 Rad8 18. Rxd8 Rxd8 19. Ng5 Nd5 20. Qh5 Nxf4 21. Qxf7+ Kh8 22. Qxf4 Rf8 23. Qh4 h6 24. Ng6+ Kg8 25.
Nxf8 Bxf8 26. Nf3 Bxf3 27. gxf3 Qc6 28. Qe4 Qd6 29. Re1 Qd2 30. Qxe6+ Kh7 31. Qe4+ Kg8 32. Re2 Qd1+ 33. Kg2 Qd8 34. Qg6 1-0

[Event "*** Titled Tuesday Blitz"]
[Site "Chess.com"]
[Date "2020.04.14"]
[Round "3"]
[White "NormWeinstein"]
[Black "MateSchmate"]
[Result "1-0"]
[WhiteElo "2364"]
[BlackElo "2558"]
[TimeControl "180+1"]
[EndTime "10:24:36 PDT"]
[Termination "NormWeinstein won by resignation"]

1. e4 e6 2. d3 d5 3. Nd2 Bc5 4.
Ngf3 Nf6 5. Be2 O-O 6. O-O b6 7. c3 Nbd7 8. e5 Ne8 9. d4 Be7 10. Bd3 h6 11. Re1 f5 12. exf6 Ndxf6 13. Ne5 Nd6 14. Nf1 Nf7 15. Ng6 Re8 16. Ng3 Bd6 17. Nh5 Nxh5 18. Qxh5 Qf6 19. Bd2 Bd7 20. Ne5 Re7 21.
Ng4 g6 22. Nxf6+ 1-0

[Event "*** Titled Tuesday Blitz"]
[Site "Chess.com"]
[Date "2020.04.14"]
[Round "3"]
[White "albano87"]
[Black "Jbd735"]
[Result "0-1"]
[WhiteElo "2160"]
[BlackElo "2445"]
[TimeControl "180+1"]
[EndTime "10:24:36 PDT"]
[Termination "Jbd735 won by resignation"]

1. d4 d5 2. Nf3 c6 3. g3 Nf6 4.
Bg2 Bf5 5. O-O e6 6. c4 h6 7.
Nc3 Nbd7 8. Qb3 Qb6 9. Ne5 Nxe5 10. dxe5 Qxb3 11. axb3 Nd7 12. f4 Bc2 13. cxd5 exd5 14. e4 d4 15. Ne2 d3 16. Nc3 Nc5 17. Be3 Nxb3 18. Rxa7 Rxa7 19. Bxa7 Bb4 20. Bf3 Nd2 21. Rf2 Nxf3+ 22. Rxf3 Bxc3 23. bxc3 d2 0-1

[Event "*** Titled Tuesday Blitz"]
[Site "Chess.com"]
[Date "2020.04.14"]
[Round "3"]
[White "Khamrakulov_Djurabek"]
[Black "Sven_Tica"]
[Result "1-0"]
[WhiteElo "2910"]
[BlackElo "2664"]
[TimeControl "180+1"]
[EndTime "10:24:37 PDT"]
[Termination "Khamrakulov_Djurabek won by resignation"]

1. e4 c5 2. c3 Nf6 3. e5 Nd5 4. d4 cxd4 5. Nf3 e6 6. cxd4 b6 7. Bc4 Bb7 8. O-O d6 9. Bd2 Nd7 10. Nc3 Nxc3 11. Bxc3 Rc8 12. Bb3 Be7 13. d5 exd5 14.
exd6 Bf6 15. Re1+ Kf8 16. Bxd5 Bxd5 17. Qxd5 Bxc3 18. bxc3 Nf6 19. Qd4 Rc6 20. Rad1 h5 21.
Ne5 Rc5 22. d7 Rh6 23. Qd6+ Kg8 24. Nc6 Qxd7 25. Qb8+ Kh7 26. Rxd7 Nxd7 27. Qxa7 Rhxc6 28. Qxd7 Rxc3 29. Qxf7 Rc1 30. Qxh5+ Kg8 31. Qe8+ Kh7 32. h4 1-0

[Event "*** Titled Tuesday Blitz"]
[Site "Chess.com"]
[Date "2020.04.14"]
[Round "3"]
[White "Hubbery"]
[Black "Gulkov_Igor"]
[Result "1-0"]
[WhiteElo "2589"]
[BlackElo "2361"]
[TimeControl "180+1"]
[EndTime "10:24:42 PDT"]
[Termination "Hubbery won by resignation"]

1. d4 Nf6 2. c4 e6 3. Nc3 Bb4 4. a3 Bxc3+ 5. bxc3 c5 6. e3 O-O 7. Bd3 d6 8. Ne2 e5 9. e4 Nc6 10. O-O b6 11. Bg5 h6 12. Bh4 g5 13. Bg3 Qe7 14. f4 exf4 15. Nxf4 gxf4 16. Bh4 Bg4 17.
Qc1 cxd4 18. Qxf4 Qe5 19. Bxf6 Qxf4 20. Rxf4 1-0

[Event "*** Titled Tuesday Blitz"]
[Site "Chess.com"]
[Date "2020.04.14"]
[Round "3"]
[White "theprosecution1"]
[Black "SamuelGhimpu2003"]
[Result "1-0"]
[WhiteElo "2802"]
[BlackElo "2554"]
[TimeControl "180+1"]
[EndTime "10:24:44 PDT"]
[Termination "theprosecution1 won by resignation"]

1. e4 e6 2. d4 d5 3. Nc3 Nf6 4. Bg5 dxe4 5. Nxe4 Nbd7 6. Nf3 h6 7. Nxf6+ Nxf6 8. Bh4 c5 9. Bc4 cxd4 10. O-O Bc5 11.
Qe2 O-O 12. Rad1 Qb6 13. Bb3 Bd7 14. Bxf6 gxf6 15. Nxd4 e5 16. Qh5 Bxd4 17. Qg6+ Kh8 18. Qxh6+ Kg8 19. Rd3 Qxb3 20. axb3 1-0

[Event "*** Titled Tuesday Blitz"]
[Site "Chess.com"]
[Date "2020.04.14"]
[Round "3"]
[White "GuerrieroFromLevant"]
[Black "johnathan113"]
[Result "0-1"]
[WhiteElo "2348"]
[BlackElo "2635"]
[TimeControl "180+1"]
[EndTime "10:24:45 PDT"]
[Termination "johnathan113 won by resignation"]

1. e4 g6 2. d4 Nf6 3. Nf3 Nxe4 4. Bd3 Nf6 5. O-O Bg7 6. Re1 O-O 7. c4 d6 8. Nc3 Nc6 9. d5 Nb4 10. Bb1 c6 11. Bg5 cxd5 12. cxd5 Bg4 13. h3 Bxf3 14. Qxf3 Re8 15. a3 Qa5 16. Be4 Nxe4 17. Qxe4 Na6 18. b4 Qc7 19. Rac1 Qd7 20. Be3 Rac8 21. Qd3 Nc7 22.
Bxa7 Ra8 23. Bb6 Rxa3 24. Bxc7 Qxc7 25. Nb5 Qxc1 0-1

[Event "*** Titled Tuesday Blitz"]
[Site "Chess.com"]
[Date "2020.04.14"]
[Round "3"]
[White "BojanR1"]
[Black "IngOscarArdila"]
[Result "1-0"]
[WhiteElo "2333"]
[BlackElo "2110"]
[TimeControl "180+1"]
[EndTime "10:24:45 PDT"]
[Termination "BojanR1 won by resignation"]

1. d4 Nf6 2. c4 g6 3. Nf3 Bg7 4. Nc3 O-O 5. Bg5 d6 6. e4 h6 7. Bh4 Nbd7 8. Be2 e5 9. dxe5 dxe5 10. Qd2 c6 11. O-O-O Qa5 12. Kb1 Re8 13. h3 Nc5 14. Bxf6 Bxf6 15. Nd5 Qxd2 16. Nxf6+ Kf8 17. Rxd2 Re6 18.
b4 Rxf6 19. bxc5 Be6 20. Rf1 Re8 21. Nxe5 Bc8 22. Nd7+ Bxd7 23. Rxd7 Rxe4 24. Bd3 Re5 25. Rxb7 Rxc5 26. Rxa7 Kg7 27. f3 Rd6 28. Kc2 Kf6 29.
Re1 Rg5 30. g4 h5 31. Ree7 1-0